Unix NetHack Version 3.7.0-66 Work-in-progress - last build Nov 25 2022 02:21:47 (a67c8fbd212c6e9cfe3af09653023564b5ba1bad,branch:master). Game began 2022-12-03 15:43:17, ended 2022-12-04 03:11:13. BeanNighe, lawful female dwarven Valkyrie ----------- ----------- |.........| ---....|....| |.........| |>...00|00..| |.........| ---.........| |....<....| |....|....| |.........| ---------.-| |.........| |%.?..|.0..| |.........| |.....|....| |.........| |..........| |.----------------.....|....| |..........Z@f.........|....| ----------------------------- BeanNighe the Fighter St:18/01 Dx:15 Co:16 In:8 Wi:10 Ch:9 Lawful Dlvl:8 $:0 HP:0(56) Pw:7(7) AC:-4 Xp:7/735 T:5522 Latest messages: You are still in a pit. You are still in a pit. You crawl to the edge of the pit. Air currents pull you down into a pit! You are still in a pit. You are still in a pit. You crawl to the edge of the pit. You climb up the stairs. The giant zombie smashes down a door. You stop searching. You hit the giant zombie! The giant zombie hits! The giant zombie hits! You hit the giant zombie! The giant zombie hits! The giant zombie knocks you back with a powerful blow! Ouch! The giant zombie misses! The giant zombie hits! The giant zombie misses! The giant zombie hits! The giant zombie hits! What do you want to zap? [eiU or ?*] In what direction? The magic missile hits the giant zombie! What do you want to zap? [eiU or ?*] In what direction? The magic missile hits the giant zombie! What do you want to zap? [eiU or ?*] In what direction? The magic missile hits the giant zombie! What do you want to zap? [eiU or ?*] Nothing happens. The large cat misses! You hit the large cat! The large cat bites! You hit the large cat! The large cat bites! What do you want to eat? [fzELOWX or ?*] Yak - dog food! The large cat bites! You stop eating the tripe ration. You are feeling mildly nauseated. You hit the large cat! The large cat just misses! You hit the large cat! The large cat bites! The giant zombie hits! The giant zombie hits! You die... Inventory: Weapons (')') b - an uncursed +0 dagger a - the uncursed +0 Vorpal Blade (weapon in hand) Armor ('[') s - a blessed +1 orcish helm (being worn) w - an uncursed +0 pair of leather gloves (being worn) C - an uncursed +0 pair of iron shoes (being worn) c - an uncursed +3 small shield (being worn) r - a cursed -1 splint mail (being worn) Comestibles ('%') X - an uncursed candy bar labeled "Choco Nummer" z - an uncursed food ration O - an uncursed sprig of wolfsbane u - an uncursed partly eaten tripe ration W - 3 uncursed tripe rations f - 2 uncursed eggs E - an uncursed lichen corpse L - an uncursed lichen corpse Wands ('/') U - an uncursed wand of cancellation (0:3) i - an uncursed wand of digging (0:3) e - an uncursed wand of magic missile (0:0) Tools ('(') P - an uncursed magic harp (0:4) v - a blessed magic lamp k - an uncursed skeleton key Gems/Stones ('*') q - 2 uncursed worthless pieces of black glass A - 3 uncursed worthless pieces of red glass n - an uncursed worthless piece of violet glass o - an uncursed worthless piece of white glass BeanNighe the Valkyrie's attributes: Background: You were a Fighter, a level 7 dwarven Valkyrie. You were lawful, on a mission for Tyr who was opposed by Odin (neutral) and Loki (chaotic). You were in Sokoban, on level 8. You entered the dungeon 5522 turns ago. It was nighttime. You had 735 experience points, 545 more were needed to attain level 8. Basics: You had 0 out of 56 hit points. You had all 7 energy points (spell power). Your armor class was -4. Your wallet was empty. Autopickup was on for '$?!"=/*', with exceptions. Final Characteristics: Your strength was 18/01 (limit:18/100). Your dexterity was 15 (limit:20). Your constitution was 16 (limit:20). Your intelligence was 8 (limit:16). Your wisdom was 10 (limit:16). Your charisma was 9 (limit:16). Final Status: You were nauseated. You were not hungry. You were unencumbered. You were wielding a long sword. You had basic skill with long sword. Final Attributes: You were piously aligned. You were cold resistant. You were poison resistant. You had infravision. You were stealthy. You were warded. You were fast. You are dead. Miscellaneous: You disabled loading of bones levels. Total elapsed playing time was 59 minutes and 38 seconds. Major events: Turn 1: BeanNighe the lawful dwarven Valkyrie entered the dungeon 545: entered the Gnomish Mines 821: found Cleaver in a shop 839: attained the rank of Skirmisher (level 3) 1477: reached Mine Town 2301: found Vorpal Blade on the floor 3963: attained the rank of Fighter (level 6) 4527: entered Sokoban 5322: completed 2nd Sokoban level 5522: killed by a giant zombie Vanquished creatures: a small mimic an ochre jelly a crocodile a leprechaun a mumak 2 giant spiders a yeti a dingo a bugbear a water nymph a mountain nymph 3 Mordor orcs 3 orc shamans 2 rock piercers 2 rock moles a fog cloud 2 yellow lights a violet fungus 2 gnomish wizards a kobold mummy a red naga hatchling a paper golem a giant ant a floating eye a dwarf 18 hill orcs 3 rothes a rabid rat an orc zombie 2 iguanas 7 coyotes a hobgoblin a giant rat a brown mold a yellow mold 11 gnomes 3 jackals 5 foxes a kobold a goblin 2 sewer rats 5 grid bugs 6 lichens a kobold zombie 2 newts 107 creatures vanquished. No species were genocided or became extinct. Voluntary challenges: You read items or engraved 5 times. You engraved Elbereth 3 times. You never genocided any monsters. You never polymorphed an object. You never changed form. You used no wishes. You did not violate any of the special Sokoban rules. Achievements: You entered the Gnomish Mines. You entered a shop. You attained the rank of Skirmisher. You entered Minetown. You entered a temple. You attained the rank of Fighter. You entered Sokoban. The Dungeons of Doom: levels 1 to 10 Level 1: A fountain. Level 2: A grave. Level 3: A general store, some sinks. Stairs down to The Gnomish Mines. Level 4: A shop. Level 5: A fountain. Level 6: A fountain, a grave. Level 7: "vault" A fountain. Level 8: A fountain. Level 9: Level 10: Stairs up to Sokoban, level 9. The Gnomish Mines: levels 4 to 6 Level 4: Level 5: Level 6: Many shops, a temple, some fountains. Sokoban: levels 9 up to 8 Level 8: <- You were here. Solved. Final resting place for you, killed by a giant zombie. Level 9: Unsolved. Game over: ---------- / \ / REST \ / IN \ / PEACE \ / \ | BeanNighe | | 0 Au | | killed by a | | giant zombie | | | | | | 2022 | *| * * * | * _________)/\\_//(\/(/\)/\//\/|_)_______ Farvel BeanNighe the Valkyrie... You died in Sokoban on dungeon level 8 with 3410 points, and 0 pieces of gold, after 5522 moves. You were level 7 with a maximum of 56 hit points when you died.